 Dungeon Crawl Stone Soup version 0.20-a0-984-ge8aa303 (webtiles) character file.

143 SkiChan the Skirmisher (level 5, -13/34 HPs)
             Began as a Gargoyle Fighter on Apr 10, 2017.
             Was an Initiate of Ashenzari.
             Killed by divine providence
             ... invoked by an orc priest
              (15 damage)
             ... on level 3 of the Dungeon.
             The game lasted 00:04:38 (2341 turns).

SkiChan the Skirmisher (Gargoyle Fighter)           Turns: 2341, Time: 00:04:40

Health: -13/34     AC: 12    Str: 19    XL:     5   Next: 25%
Magic:  5/5        EV:  7    Int:  9    God:    Ashenzari [......]
Gold:   96         SH:  9    Dex: 10    Spells: 4/4 levels left

rFire    . . .     SeeInvis .   a - +0 flail
rCold    . . .     Gourm    .   c - +0 shield
rNeg     + . .     Faith    .   b - +0 scale mail
rPois    ∞         Spirit   .   (no helmet)
rElec    +         Reflect  .   k - +0 cloak
rCorr    .         Harm     .   (no gloves)
MR       .....                  (no boots)
Stlth    +.........             (no amulet)
Regen    0.2/turn               r - ring of stealth (curse)
MPRegen  0.1/turn               (no ring)

@: no status effects
A: negative energy resistance 1, electricity resistance, unbreathing,
petrification resistance, rot immunity, AC +4
a: Curse Item, Renounce Religion


You were on level 3 of the Dungeon.
You worshipped Ashenzari.
Ashenzari was noncommittal.
You were very hungry.

You visited 1 branch of the dungeon, and saw 3 of its levels.

You collected 96 gold pieces.

Inventory:

Hand Weapons
 a - a +0 flail (weapon)
Missiles
 e - 145 stones (quivered)
 j - 14 poisoned needles
Armour
 b - a +0 scale mail (worn)
 c - a +0 shield (worn)
 k - a +0 cloak (worn)
Jewellery
 r - a cursed ring of stealth (left hand)
Wands
 i - a wand of random effects (18/48)
Scrolls
 d - a scroll of recharging {unknown}
 g - a scroll of teleportation
 n - a scroll of immolation {unknown}
Potions
 h - a potion of cancellation
 l - a potion of curing {unknown}
 m - 2 potions of heal wounds
Comestibles
 f - 2 bread rations
 o - 2 royal jellies
 p - a fruit


   Skills:
 * Level 4.5 Fighting
 * Level 3.0 Maces & Flails
 + Level 4.1 Armour
 + Level 4.2 Shields


You had 4 spell levels left.
You didn't know any spells.

Dungeon Overview and Level Annotations

Branches:
Dungeon (3/15)

Altars:
Ashenzari
Dithmenos
Hepliaklqana
Ru
Wu Jian
Xom
Yredelemnul


Innate Abilities, Weirdness & Mutations

You are resistant to torment.
Your stone body is resilient. (AC +4)
You are immune to poison.
You resist negative energy. (rN+)
You are resistant to electric shocks. (rElec)
You can survive without breathing.
You are immune to petrification.
You are immune to rotting.


Message History

The orc hits you but does no damage.
You thump the orc!
You kill the orc!
The orc hits you.
You thump the orc!
You kill the orc!
The orc priest calls down the wrath of Beogh upon you.
Pain shoots through your body!
You hit the orc priest but do no damage.
The orc priest mumbles some strange prayers to Beogh against you.
Beogh smites you!
The orc priest hits you with a short sword.
You sock the orc priest!
The orc priest is heavily wounded.
The orc priest mumbles some strange prayers to Beogh against you.
Beogh smites you!
* * * LOW HITPOINT WARNING * * *
The orc priest mumbles some strange prayers to Beogh against you.
Beogh smites you!
You die...

##.# #.# #...... #.....##.# #.#
#...... ......#.#
########.###...... . ...#.#.##
#............##.## .. ..o.#..##
#.######.#........ ...
o..#...#####.######.#........
....
og#...oo..oo.)............##
.#...#o#....####o#####.###....##
.......#..#.# #@# #.# ##.#.#
......g.....# #.# ##.## #...#
##....####### #.####...###...#
##.#.# #......#.......# #.#.#
######...####..# #.#.# ##.##
#..# #.#.# #.# #..# #.#.#
######## ##.## #..#
###.#.###...[..# #.#.# #.##


You could see 2 orc priests and an orc.

Vanquished Creatures
  An orc priest (D:3)
  5 adders
  A dart slug (D:3)
  3 leopard geckos
  7 orcs
  3 giant cockroaches
  9 goblins
  4 hobgoblins
  3 jackals (D:2)
  8 bats
  3 frilled lizards
  4 kobolds
  7 rats
58 creatures vanquished.

Notes
Turn   | Place    | Note
-------+----------+-------------------------------------------
     0 | D:1      | SkiChan the Gargoyle Fighter began the quest for the Orb.
     0 | D:1      | Reached XP level 1. HP: 14/14 MP: 1/1
   133 | D:1      | Reached XP level 2. HP: 19/19 MP: 2/2
   538 | D:2      | Found a shadowy altar of Dithmenos.
   666 | D:2      | Found an ornate altar of the Wu Jian Council.
   704 | D:2      | Found a shattered altar of Ashenzari.
   714 | D:2      | Reached XP level 3. HP: 20/24 MP: 3/3
   719 | D:2      | Found a sacrificial altar of Ru.
   980 | D:2      | Reached XP level 4. HP: 23/29 MP: 4/4
  1153 | D:2      | Found a basalt altar of Yredelemnul.
  1154 | D:2      | Found a shimmering altar of Xom.
  1737 | D:2      | Became a worshipper of Ashenzari the Shackled
  1910 | D:3      | Found a hazy altar of Hepliaklqana.
  1996 | D:3      | Reached XP level 5. HP: 15/34 MP: 5/5
  2341 | D:3      | Killed from afar by an orc priest

Vault maps used:
D:1:      scummos_arrival_simple_fountains
D:2:      marbit_many_paths, gammafunk_temple_overflow_pools, minitemple,
          first_bread, nicolae_dithmenos_shadow_blocks
D:3:      cheibrodos_pilgrimage, lemuel_round_altar, minmay_fountain_box

Skill      XL: |  1  2  3  4  5 |
---------------+----------------+-----
Fighting       | 4 |  4.5
Shields        | 4 |  4.2
Armour         | 4 |  4.1
Maces & Flails | 3 |  3.0

Action                   |  1- 3 |  4- 6 || total
-------------------------+-------+-------++-------
Melee: Flail             |   112 |   114 ||   226
Invok: Curse Item        |       |     1 ||     1
  Use: Scroll            |       |     5 ||     5
       Potion            |       |     1 ||     1
  Eat: Chunk             |       |     3 ||     3
       Fruit             |       |     1 ||     1
Armor: Scale mail        |    74 |    57 ||   131
Dodge: Dodged            |    45 |    44 ||    89
Block: Shield            |    75 |    42 ||   117
